 Dungeon Crawl Stone Soup version 0.27-a0-972-gd1521fd518 (webtiles) character file.

Game seed: 15482052687817225049

1474 stormannn the Magician (level 8, -11/59 HPs)
             Began as a Djinni Fire Elementalist on Apr 14, 2021.
             Was a Believer of Makhleb.
             Mangled by Pikel
             ... wielding a +1 whip of freezing
              (14 damage)
             ... on level 5 of the Dungeon.
             The game lasted 00:20:26 (7202 turns).

stormannn the Magician (Djinni Fire Elementalist)   Turns: 7202, Time: 00:20:26

Health: -11/59     AC:  2    Str:  7    XL:     8   Next: 78%
Gold:   297        EV: 14    Int: 25    God:    Makhleb [**....] SH:  0 Dex: 14

rFire    + + .     SeeInvis .   k - staff of cold
rCold    . . .     Faith    .   (no shield)
rNeg     . . .     Spirit   .   a - +0 robe
rPois    ∞         Reflect  .   (no helmet)
rElec    .         Harm     .   (no cloak)
rCorr    .         Rampage  .   (no gloves)
Will     .....                  (boots unavailable)
Stlth    ++........             (no amulet)
HPRegen  0.19/turn              c - +6 ring of intelligence
MPRegen  0.00/turn              q - ring of wizardry

@: flying, hasted, very quick
A: fire resistance 2, cold vulnerability 1, float, innate caster, hp casting,
extra vitality 1
a: Renounce Religion, Minor Destruction


You were on level 5 of the Dungeon.
You worshipped Makhleb.
Makhleb was pleased with you.
You visited 1 branch of the dungeon, and saw 5 of its levels.
You also visited: Ossuary.

You collected 297 gold pieces.

Inventory:

Armour
 a - a +0 robe (worn)
Magical Staves
 k - a staff of cold (weapon)
Jewellery
 c - a +6 ring of intelligence (left hand)
 q - a ring of wizardry (right hand)
Scrolls
 d - 6 scrolls of identify
 i - a scroll of holy word
 m - a scroll of fog
 s - a scroll of magic mapping
Potions
 e - a potion of lignification
 g - 2 potions of ambrosia
 l - 2 potions of attraction
 o - a potion of brilliance
 r - a potion of curing {unknown}


   Skills:
 + Level 5.0 Fighting
 + Level 6.1 Dodging
 - Level 1.5 Stealth
 * Level 6.8 Spellcasting


You couldn't memorise any spells.
You knew the following spells:

 Your Spells              Type           Power      Damage    Failure   Level
a - Foxfire               Conj/Fire      100%       2x1d9     1%          1
b - Conjure Flame         Conj/Fire      43%        6-21      1%          3
c - Inner Flame           Hex/Fire       43%        N/A       1%          3
d - Sticky Flame          Conj/Fire      43%        2d6       1%          4
e - Fireball              Conj/Fire      21%        3d10      4%          5
f - Sandblast             Erth           86%        2d18      1%          1
g - Wereblood             Tmut           43%        N/A       1%          2
h - Confusing Touch       Hex            43%        N/A       1%          3
Your spell library was empty.

Dungeon Overview and Level Annotations

Branches:
Dungeon (5/15)            Ossuary (visited)
 Temple: D:4-7

Altars:
Makhleb

Annotations:
D:5 Pikel


Innate Abilities, Weirdness & Mutations

You are immune to poison.
Your flesh is very heat resistant. (rF++)
You are vulnerable to cold. (rC-)
You float through the air rather than walking.
You learn spells naturally, not from books.
Your magical power is your life essence.
You have superior vitality. (+4 HP)


Message History

The foxfire hits Pikel but does no damage.
Pikel is heavily wounded.
Pikel closely misses you.
Your foxfire dissipates!
The foxfire hits Pikel.
Pikel is severely wounded.
Casting: Foxfire (safe; 1% risk of failure)
Confirm with . or Enter, or press ? or * to list all spells.
You conjure some foxfire!
The lemure closely misses you.
Pikel hits you with a +1 whip of freezing.
Pikel freezes you. The lemure barely misses you.
Unknown command.
Unknown command.
Casting: Foxfire (safe; 1% risk of failure)
Confirm with . or Enter, or press ? or * to list all spells.
You conjure some foxfire!
The foxfire hits the lemure.
The lemure is lightly wounded.
The foxfire hits the lemure!
The lemure is heavily wounded.
The lemure hits you. Pikel closely misses you. The lemure hits you.
Casting: Foxfire (safe; 1% risk of failure)
Confirm with . or Enter, or press ? or * to list all spells.
You conjure some foxfire!
The foxfire hits the lemure!
The lemure is almost dead.
The foxfire hits the lemure but does no damage.
The lemure is almost dead.
The lemure misses you.
Pikel hits you with a +1 whip of freezing!
* * * LOW HITPOINT WARNING * * *
Pikel freezes you.
* * * LOW HITPOINT WARNING * * *
The lemure misses you.
The foxfire hits the lemure.
The lemure is almost dead.
The foxfire hits the lemure.
The lemure is heavily wounded.
You see here a +0 giant club.
You feel yourself speed up. The lemure misses you.
Pikel hits you with a +1 whip of freezing!
You die...

#### .[.# ..##### ##...###.
......
#########...............
#.<................###..
###.....>....).......#)#..
#.......[............###..
#........@5[............@.
#........5K...............
#....##...[........###.§..
####.##..........).# #####
#.....)..)######## #
#..#......##############
#..#.#..........@...5.K.
####..#.#.#####.......z..n.
#.....#....#.....(..#######


You could see Pikel and 2 lemures.

Vanquished Creatures
  Eustachio (D:5)
  A water moccasin (D:5)
  An orc warrior (D:5)
  A sky beast (D:5)
  A necrophage (D:5)
  2 ogres (D:5)
  2 lemures (D:5)
  2 elf zombies (Ossuary)
  A gnoll sergeant (D:5)
  2 wights (D:5)
  A centaur zombie (Ossuary)
  2 hounds (D:4)
  3 human zombies (Ossuary)
  A centaur skeleton (D:5)
  2 iguanas (D:5)
  2 hound zombies (Ossuary)
  3 mummies (Ossuary)
  6 adders
  An adder skeleton (D:4)
  An adder zombie (Ossuary)
  2 worms
  4 dart slugs
  4 orcs
  5 ball pythons
  8 endoplasms
  5 giant cockroaches
  6 goblins
  5 hobgoblins
  8 jackals (D:1)
  4 quokkas
  6 bats
  A frilled lizard (D:3)
  5 goblin zombies (Ossuary)
  A hobgoblin zombie (Ossuary)
  3 jackal zombies (Ossuary)
  10 kobolds
  5 kobold zombies (Ossuary)
  3 orc zombies (Ossuary)
  4 quokka zombies (Ossuary)
  9 rats
  5 rat zombies (Ossuary)
139 creatures vanquished.

Vanquished Creatures (others)
  795 foxfires
795 creatures vanquished.

Grand Total: 934 creatures vanquished

Notes
Turn   | Place    | Note
-------+----------+-------------------------------------------
     0 | D:1      | stormannn the Djinni Fire Elementalist began the quest for
                  | the Orb.
     0 | D:1      | Reached XP level 1. HP: 15/15 MP: 0/0
   173 | D:1      | Reached XP level 2. HP: 12/22 MP: 0/0
   650 | D:1      | Reached skill level 1 in Fighting
   770 | D:1      | Reached XP level 3. HP: 25/27 MP: 0/0
   770 | D:1      | Learned a level 1 spell: Sandblast
  1503 | D:1      | Found a faded altar of an unknown god.
  2079 | D:2      | Reached XP level 4. HP: 27/32 MP: 0/0
  3093 | D:3      | Found a burning altar of Makhleb.
  3117 | D:3      | Became a worshipper of Makhleb the Destroyer
  3401 | D:3      | Reached XP level 5. HP: 34/38 MP: 0/0
  3401 | D:3      | Learned a level 2 spell: Wereblood
  4577 | D:4      | Reached * piety under Makhleb
  4879 | D:5      | Entered Level 5 of the Dungeon
  4941 | D:5      | Reached XP level 6. HP: 27/45 MP: 0/0
  5068 | D:5      | Noticed a necrophage
  5280 | D:5      | Noticed a sky beast
  5280 | D:5      | Noticed a water moccasin
  5308 | D:5      | Noticed Eustachio
  5345 | D:5      | Found a sand-covered staircase.
  5352 | Ossuary  | Entered an ossuary
  5735 | Ossuary  | Reached skill level 5 in Spellcasting
  5735 | Ossuary  | Reached XP level 7. HP: 50/50 MP: 0/0
  5735 | Ossuary  | Learned a level 3 spell: Confusing Touch
  5825 | Ossuary  | Reached ** piety under Makhleb
  6631 | D:5      | Noticed Pikel
  6831 | D:5      | Reached skill level 5 in Dodging
  6834 | D:5      | Reached XP level 8. HP: 49/58 MP: 0/0
  7188 | D:5      | Killed Eustachio
  7189 | D:5      | Reached skill level 5 in Fighting
  7202 | D:5      | Mangled by Pikel

Illustrated notes

Levels and vault maps discovered:
D:1:      heliophobic_arrival_ceremonial_halls, layout_basic,
          basic_ecumenical_altar, minmay_quantized
D:2:      layout_basic
D:3:      layout_rooms, lemuel_crystal_altar, minivault_19,
          minmay_misc_feat_doors, minmay_quadrilaterals
D:4:      layout_rooms
D:5:      layout_basic, nicolae_ossuary_entry_ruins, sword_in_stone,
          uniq_grinder, uniq_pikel

Skill      XL: |  1  2  3  4  5  6  7  8 |
---------------+-------------------------+-----
Spellcasting   | 3 4 5 6 |  6.8
Fighting       | 1 2 3 4 5 |  5.0
Dodging        | 3 4 5 6 |  6.1
Stealth        | |  1.5

Action                   |  1- 3 |  4- 6 |  7- 9 || total
-------------------------+-------+-------+-------++-------
Melee: Staff             |       |       |     3 ||     3
 Cast: Foxfire           |   106 |   214 |   143 ||   463
       Fireball          |       |     1 |       ||     1
       Conjure Flame     |       |     1 |       ||     1
       Sticky Flame      |       |       |     2 ||     2
       Confusing Touch   |       |       |     1 ||     1
       Wereblood         |       |       |     1 ||     1
  Use: Scroll            |       |       |    12 ||    12
       Potion            |       |       |     7 ||     7
Armor: Robe              |     1 |     5 |     8 ||    14
Dodge: Dodged            |     3 |    22 |    64 ||    89

Table legend: (Time is in decaauts)
 A = Elapsed time spent in this place.
 B = Non-inter-level travel time spent in this place.
 C = Inter-level travel time spent in this place.
 D = Time resting spent in this place.
 E = Time spent auto-exploring this place.
 F = Levels seen in this place.
 G = Mean time per level.
                   A        B        C        D        E       F      G
               +--------+--------+--------+--------+--------+-----+--------+
         Total |   7186 |   6978 |    208 |   1407 |   4117 |   6 | 1197.7 |
       Dungeon |   5933 |   5725 |    208 |    775 |   4018 |   5 | 1186.6 |
       Ossuary |   1252 |   1252 |      0 |    632 |     99 |   1 | 1252.0 |
               +--------+--------+--------+--------+--------+-----+--------+

Top non-repeatable levels by time:
     D:1: 1630 daAuts
     D:2: 1459 daAuts
 Ossuary: 1252 daAuts
     D:3: 1082 daAuts
     D:4: 1080 daAuts
     D:5: 682 daAuts
